Map: Ruby Rock LE

Players

INexorable

  • Race: Terran Terran
  • Spawn Location: 11:00

A.I. 1 (Very Easy) - Winner!

  • Race: Protoss Protoss
  • Spawn Location: 5:00

VOD

Have the link to the VOD?

Description

Time

  • Played on: Dec. 22, 2025, 3:02 p.m.
  • Length: 6:20
Show
View Real Time Build Order
Export as new Build Order

INexorable Terran 

Build Orders:  

Get SALT Encoding   

  12  0:00  SCV  
  13  0:12  SCV  
  14  0:16  Supply Depot  
  14  0:24  SCV  
  15  0:38  SCV  
  15  0:39  Barracks  
  16  0:44  Refinery  
  16  0:50  SCV  
  16  0:52  Refinery  
  17  1:02  SCV  
  18  1:14  SCV  
  19  1:26  Orbital Command, Reaper  
  20  1:41  Factory  
  20  1:43  Supply Depot  
  20  1:52  SCV  
  21  1:58  Barracks Reactor  
  21  2:04  SCV  
  22  2:14  Command Center  
  22  2:16  SCV  
  23  2:26  Hellion  
  23  2:28  SCV  
  26  2:30  Supply Depot  
  26  2:34  Reaper  
  26  2:35  Reaper  
  28  2:40  SCV  
  29  2:47  Hellion  
  29  2:50  Barracks  
  31  2:53  SCV  
  32  3:05  SCV  
  32  3:06  Marine x2  
  32  3:08  Factory Tech Lab  
  32  3:12  Barracks  
  35  3:17  SCV  
  36  3:25  Marine x2  
  38  3:28  Cyclone  
  38  3:30  SCV  
  42  3:39  Barracks Tech Lab  
  42  3:43  SCV, Orbital Command  
  43  3:49  Supply Depot  
  43  3:50  Marine  
  43  3:51  Marine  
  43  3:55  SCV  
  46  3:58  Stimpack  
  46  4:06  Siege Tank  
  46  4:09  Marine x2  
  51  4:13  Marine  
  51  4:14  Barracks Tech Lab  
  52  4:19  SCV x2  
  52  4:21  Supply Depot  
  54  4:28  Marine x2  
  56  4:31  SCV x2, Combat Shield  
  56  4:36  Marauder  
  56  4:37  Marauder  
  62  4:41  Supply Depot  
  65  4:45  Siege Tank  
  65  4:48  SCV  
  65  4:49  SCV  
  65  4:51  Marine x2  
  69  4:57  Supply Depot  
  69  5:02  SCV  
  69  5:03  Marauder x2  
  69  5:04  SCV  
  75  5:11  Supply Depot  
  75  5:13  Marine x2  
  77  5:14  SCV  
  77  5:18  Refinery  
  77  5:19  SCV  
  79  5:22  Siege Tank  
  79  5:24  Marauder  
  79  5:25  Marauder  
  86  5:31  Supply Depot  
  86  5:32  SCV x2  
  88  5:37  Marine  
  88  5:38  Marine  
  90  5:44  SCV  
  90  5:45  SCV, Starport  
  90  5:48  Marauder  
  94  5:51  Refinery  
  94  5:53  Marauder  
  94  5:55  Supply Depot  
  96  6:03  SCV x2, Factory Reactor  
  98  6:04  Supply Depot  
  98  6:06  Engineering Bay  
  98  6:17  Command Center  
Show
View Real Time Build Order
Export as new Build Order

A.I. 1 (Very Easy) Protoss - Winner!

Build Orders:  

Get SALT Encoding   

  12  0:00  Probe  
  13  0:13  Probe  
  14  0:20  Pylon  
  14  0:36  Assimilator  
  14  0:42  Gateway  
  14  0:46  Pylon  
  14  1:14  Assimilator  
  14  1:15  Probe  
  14  1:23  Probe  
  15  1:31  Probe  
  16  1:35  Cybernetics Core  
  17  1:42  Probe  
  18  1:54  Probe  
  19  2:02  Probe  
  20  2:10  Stalker  
  20  2:11  Warp Gate  
  22  2:36  Pylon  
  22  2:38  Stalker  
  24  3:01  Zealot  
  26  3:54  Probe  
  26  4:14  Probe  
  26  4:36  Probe  
  26  5:22  Probe  
  26  5:26  Zealot  
  26  5:27  Robotics Facility  
  29  5:30  Probe  
  30  5:39  Pylon  
  30  5:40  Probe  
  25  5:52  Probe  
  25  6:04  Probe  
  31  6:18  Pylon  
Tags
 
Matchup
PvT
Spawn Locations
Cross Positions
Add a new tag
Caveats
  • Supply blocks, unpowered buildings, or Contaminate may cause inaccurate times.
  • Supply counts are checked every 10 seconds.